 Dungeon Crawl Stone Soup version 0.29-a0-243-g602b31c20e (webtiles) character file.

Game seed: 707273055063855851

23 mopl the Magician (level 2, 6/19 HPs)
             Began as a Mummy Fire Elementalist on Mar 4, 2022.
             Quit the game on level 1 of the Dungeon.
             The game lasted 00:01:36 (959 turns).

mopl the Magician (Mummy Fire Elementalist)          Turns: 959, Time: 00:01:37

Health: 6/19       AC:  2    Str: 11    XL:     2   Next: 75%
Magic:  1/6        EV: 11    Int: 14    God:
Gold:   21         SH:  3    Dex: 12    Spells: 6/7 levels left

rFire   x . .      SeeInvis .   b - +0 spear
rCold   + . .      Faith    .   c - +0 buckler
rNeg    + + +      Spirit   .   a - +0 robe
rPois   ∞          Reflect  .   (no helmet)
rElec   .          Harm     .   (no cloak)
rCorr   .          Rampage  .   (no gloves)
Will    .....                   (no boots)
Stlth   ++........              (no amulet)
HPRegen 0.06/turn               (no ring)
MPRegen 0.10/turn               (no ring)

@: no status effects
A: cold resistance 1, negative energy resistance 3, torment resistance 2, heat
vulnerability 1, no potions
a: no special abilities


You were on level 1 of the Dungeon.
You visited 1 branch of the dungeon, and saw 1 of its levels.

You collected 21 gold pieces.

Inventory:

Hand Weapons
 b - a +0 spear (weapon)
Armour
 a - a +0 robe (worn)
 c - a +0 buckler (worn)
Jewellery
 e - an amulet of guardian spirit
Scrolls
 d - a scroll of vulnerability {unknown}


   Skills:
 - Level 1.5 Dodging
 - Level 1.5 Stealth
 + Level 0.6 Shields
 + Level 3.2 Spellcasting
 + Level 1.3 Conjurations
 + Level 2.6 Fire Magic


You had 6 spell levels left.
You knew the following spells:

 Your Spells              Type           Power      Damage    Failure   Level
a - Foxfire               Conj/Fire      28%        2x1d5     13%         1

Your spell library contained the following spells:

 Spells                   Type           Power      Damage    Failure   Level
 Scorch                   Fire           18%        2d5       14%         2
 Conjure Flame            Conj/Fire      7%         6-21      36%         3
 Inner Flame              Hex/Fire       5%         N/A       45%         3
 Flame Wave               Conj/Fire      7%         2d5       77%         4


Dungeon Overview and Level Annotations

Branches:
Dungeon (1/15)

Altars:
Makhleb


Innate Abilities, Weirdness & Mutations

You are immune to poison.
Your flesh is cold resistant. (rC+)
You are immune to negative energy. (rN+++)
You are immune to unholy pain and torment.
You are vulnerable to heat. (rF-)
You do not drink.


Message History

The endoplasm freezes you.
You are frozen.
You resist. You block the endoplasm's attack.
Casting: Foxfire (safe; 13% risk of failure)
Confirm with . or Enter, or press ? or * to list all spells.
You miscast Foxfire.
You are very lightly contaminated with residual magic.
Nothing appears to happen.
The endoplasm barely misses you.
Unknown command.
Casting: Foxfire (safe; 13% risk of failure)
Confirm with . or Enter, or press ? or * to list all spells.
You conjure some foxfire!
The endoplasm hits you but does no damage.
Unknown command.
Casting: Foxfire (safe; 13% risk of failure)
Confirm with . or Enter, or press ? or * to list all spells.
You conjure some foxfire!
The foxfire hits the endoplasm.
The endoplasm is moderately wounded.
The foxfire hits the endoplasm.
The endoplasm is heavily wounded.
The endoplasm freezes you.
You are frozen.
You resist.
Casting: Foxfire (safe; 13% risk of failure)
Confirm with . or Enter, or press ? or * to list all spells.
You conjure some foxfire!
The foxfire hits the endoplasm.
The endoplasm is severely wounded.
The foxfire hits the endoplasm but does no damage.
The endoplasm is severely wounded.
The endoplasm barely misses you.
Casting: Foxfire (safe; 13% risk of failure)
Confirm with . or Enter, or press ? or * to list all spells.
You conjure some foxfire!
The foxfire hits the endoplasm.
You kill the endoplasm!
Unknown command.
You start resting.
Your foxfire dissipates!
Your magical contamination has completely faded away.
You start resting.
Your foxfire dissipates!
Are you sure you want to abandon this character and quit the game? (Confirm with "yes".)

#..# #.# ##..## #.## #
....######..# ####.
#............ ....
##...#######.# #...
....# #.# ###...####
#..# #.#
.........####..#######..
......§@...§.......!....
......!§§####.#.########
###....§......#.#
#...v########.# #....
#.# ####. #.# #. #.# #.
#.# #.#


There were no monsters in sight!

Vanquished Creatures
  A dart slug (D:1)
  4 endoplasms (D:1)
  A giant cockroach (D:1)
  2 goblins (D:1)
  A hobgoblin (D:1)
  2 jackals (D:1)
  A ball python (D:1)
  5 bats (D:1)
  A frilled lizard (D:1)
  2 rats (D:1)
20 creatures vanquished.

Vanquished Creatures (others)
  28 foxfires (D:1)
  A fungus (D:1)
29 creatures vanquished.

Grand Total: 49 creatures vanquished

Notes
Turn   | Place    | Note
-------+----------+-------------------------------------------
     0 | D:1      | mopl the Mummy Fire Elementalist began the quest for the
                  | Orb.
     0 | D:1      | Reached XP level 1. HP: 13/13 MP: 4/4
    90 | D:1      | Found a faded altar of an unknown god.
   191 | D:1      | Reached skill level 1 in Conjurations
   613 | D:1      | Reached skill level 3 in Spellcasting
   613 | D:1      | Reached XP level 2. HP: 14/19 MP: 3/6
   904 | D:1      | Prayed at the altar of an unknown god.
   904 | D:1      | Became a worshipper of Makhleb the Destroyer
   904 | D:1      | Reached * piety under Makhleb
   905 | D:1      | Fell from the grace of Makhleb
   959 | D:1      | Quit the game

Illustrated notes

Levels and vault maps discovered:
D:1:      lightli_molten_gateway, layout_loops_ring,
          shapermc_ecumenical_altar_mp_ritualfount

Skill      XL: |  1 |
---------------+----+-----
Conjurations   | 1 |  1.3
Spellcasting   | 3 |  3.2
Dodging        | |  1.5
Stealth        | |  1.5
Shields        | |  0.6
Fire Magic     | |  2.6

Action                   || total
-------------------------++-------
Melee: Spear             ||    43
 Cast: Foxfire           ||    19
Invok: Renounce Religion ||     1
 Stab: Sleeping          ||     1
Armor: Robe              ||    20
Dodge: Dodged            ||    25
Block: Buckler           ||     5

Table legend: (Time is in decaauts)
 A = Elapsed time spent in this place.
 B = Non-inter-level travel time spent in this place.
 C = Inter-level travel time spent in this place.
 D = Time resting spent in this place.
 E = Time spent auto-exploring this place.
 F = Levels seen in this place.
 G = Mean time per level.
                   A        B        C        D        E       F      G
               +--------+--------+--------+--------+--------+-----+--------+
         Total |    964 |    964 |      0 |    491 |    281 |   1 |  964.0 |
       Dungeon |    964 |    964 |      0 |    491 |    281 |   1 |  964.0 |
               +--------+--------+--------+--------+--------+-----+--------+

Top non-repeatable levels by time:
     D:1: 964 daAuts
